 Dungeon Crawl Stone Soup version 0.25-a0-635-g0c6c292ef3 (webtiles) character file.

Game seed: 9439965198764694, levelgen mode: deterministic

3128 kae the Cleaver (level 9, -3/82 HPs)
             Began as a Hill Orc Fighter on Mar 20, 2020.
             Was a Follower of Makhleb.
             Slain by a troll (11 damage)
             ... on level 8 of the Dungeon.
             The game lasted 00:06:53 (7645 turns).

kae the Cleaver (Hill Orc Fighter)                  Turns: 7645, Time: 00:06:53

Health: -3/82      AC:  8    Str: 24      XL:     9   Next: 92%
Magic:  16/16      EV:  7    Int:  8      God:    Makhleb [*.....]
Gold:   259        SH:  9    Dex:  9 (10) Spells: 8/8 levels left

rFire    + . .     SeeInvis .   a - +0 war axe
rCold    . . .     Gourm    .   c - +0 kite shield
rNeg     . . .     Faith    .   b - +0 scale mail
rPois    .         Spirit   .   (no helmet)
rElec    .         Reflect  .   d - +1 cloak
rCorr    .         Harm     .   (no gloves)
MR       .....                  (no boots)
Stlth    ..........             m - amulet of the acrobat
HPRegen  0.23/turn              x - +2 ring of strength
MPRegen  0.15/turn              w - ring of protection from fire

@: lightly drained
A: no striking features
a: Renounce Religion


You were on level 8 of the Dungeon.
You worshipped Makhleb.
Makhleb was aware of your devotion.
You were not hungry.

You visited 1 branch of the dungeon, and saw 8 of its levels.

You collected 348 gold pieces.
You spent 89 gold pieces at shops.

Inventory:

Hand Weapons
 a - a +0 war axe (weapon)
Armour
 b - a +0 scale mail (worn)
 c - a +0 kite shield (worn)
 d - a +1 cloak (worn)
Jewellery
 m - an amulet of the acrobat (around neck)
 n - an uncursed ring of ice
 t - an uncursed ring of wizardry
 w - a ring of protection from fire (right hand)
 x - a +2 ring of strength (left hand)
Wands
 j - a wand of paralysis (8)
 q - a wand of polymorph (5)
 r - a wand of acid (7)
Scrolls
 e - a scroll of random uselessness
 g - 6 scrolls of remove curse
 k - 6 scrolls of teleportation
 u - a scroll of amnesia
 y - a scroll of identify
 B - a scroll of enchant weapon {unknown}
Potions
 h - a potion of flight
 i - 2 potions of haste
 l - 3 potions of ambrosia
 o - 3 potions of curing
 p - 3 potions of cancellation
 s - 3 potions of magic
 v - a potion of degeneration
 z - a potion of brilliance {unknown}
 A - a potion of heal wounds
 C - 2 potions of invisibility {unknown}
Comestibles
 f - 7 rations
 D - 4 chunks of flesh


   Skills:
 + Level 8.6(8.4) Fighting
 * Level 12.0(11.9) Axes
 - Level 3.2(3.1) Armour
 - Level 3.2(3.1) Shields
 * Level 9.6(9.4) Invocations


You had 8 spell levels left.
You didn't know any spells.
Your spell library was empty.

Dungeon Overview and Level Annotations

Branches:
Dungeon (8/15)             Temple (0/1) D:4
   Lair: D:8-11

Altars:
Cheibriados
Dithmenos
Gozag
Makhleb
Vehumet
The Shining One

Shops:
D:6 (   D:8 *}

Annotations:
D:8 Gastronok


Message History

The troll claws you.
You slash the troll!
The troll is heavily wounded.
You block the troll's attack. The troll claws you!
* * * LOW HITPOINT WARNING * * *
The troll claws you.
* * * LOW HITPOINT WARNING * * *
You hit the troll but do no damage.
The troll is heavily wounded.
The troll bites you.
* * * LOW HITPOINT WARNING * * *
The troll claws you.
* * * LOW HITPOINT WARNING * * *
The troll claws you.
* * * LOW HITPOINT WARNING * * *
You barely miss the troll.
The troll is heavily wounded.
The troll closely misses you. You block the troll's attack.
The troll claws you!
You die...

#........ #. #.......#
#.###.......# .
......(....# ...
...........# ....
#......))##### #.....
#......).....####### ..#
#.####.#.#.####........
#.#
#....T@..#.####.##.##..
#......###.#..(..).##..
#...######.......#####.#
#.. #..#.##.#####.# #
#.........∩...#
#.##....####### ##
#.##......#....
....#.#...))..#....
...........).......


You could see a troll.

Vanquished Creatures
  A two-headed ogre (D:7)
  Sigmund (D:5)
  2 hungry ghosts (D:7)
  Edmund (D:5)
  A water moccasin (D:7)
  An orc warrior (D:6)
  2 ice beasts
  2 centaurs
  A bullfrog (D:7)
  A scorpion (D:6)
  10 wights
  A howler monkey (D:6)
  A crimson imp (D:5)
  A centaur zombie (D:5)
  A quasit (D:8)
  4 orc priests
  A bullfrog zombie (D:7)
  A hound (D:3)
  Crazy Yiuf (D:5)
  A centaur skeleton (D:7)
  5 orc wizards
  2 bullfrog skeletons
  3 worker ants
  2 hound skeletons
  2 hound zombies (D:7)
  8 adders
  A shadow imp (D:5)
  An adder skeleton (D:4)
  An adder zombie (D:7)
  5 worms
  7 leopard geckos
  14 orcs
  2 giant cockroaches
  12 goblins
  9 hobgoblins
  13 jackals
  7 kobolds
  A quokka (D:7)
  2 ball pythons (D:2)
  6 bats
  4 frilled lizards
  A quokka skeleton (D:4)
  6 rats
  A bush (D:5)
  4 fungi (D:5)
154 creatures vanquished.

Notes
Turn   | Place    | Note
-------+----------+-------------------------------------------
     0 | D:1      | kae the Hill Orc Fighter began the quest for the Orb.
     0 | D:1      | Reached XP level 1. HP: 19/19 MP: 1/1
    64 | D:1      | Reached skill level 3 in Axes
    79 | D:1      | Reached XP level 2. HP: 27/27 MP: 2/2
   520 | D:1      | Reached skill level 4 in Axes
   580 | D:1      | Reached XP level 3. HP: 32/33 MP: 3/3
   871 | D:2      | Reached XP level 4. HP: 41/41 MP: 4/4
   975 | D:2      | Found an opulent altar of Gozag.
   975 | D:2      | Found a snail-covered altar of Cheibriados.
  1052 | D:2      | Reached skill level 5 in Axes
  1363 | D:3      | Reached XP level 5. HP: 38/47 MP: 5/5
  1530 | D:3      | Reached skill level 6 in Axes
  1536 | D:3      | Reached skill level 5 in Fighting
  1567 | D:3      | You fall into a shaft and drop 2 floors!
  1567 | D:5      | Entered Level 5 of the Dungeon
  1630 | D:5      | Reached XP level 6. HP: 19/56 MP: 6/6
  1641 | D:5      | Reached skill level 7 in Axes
  2229 | D:3      | Found a burning altar of Makhleb.
  2240 | D:3      | Became a worshipper of Makhleb the Destroyer
  2891 | D:4      | Found a staircase to the Ecumenical Temple.
  2899 | D:4      | Reached skill level 1 in Invocations
  3067 | D:4      | Found a glowing golden altar of the Shining One.
  3572 | D:5      | Noticed Sigmund
  3582 | D:5      | Noticed Edmund
  3590 | D:5      | Killed Sigmund
  3590 | D:5      | Reached skill level 8 in Axes
  3590 | D:5      | Reached XP level 7. HP: 57/63 MP: 6/9
  3613 | D:5      | Killed Edmund
  4261 | D:5      | Found a runed translucent door.
  4262 | D:5      | Noticed Crazy Yiuf
  4273 | D:5      | Killed Crazy Yiuf
  4733 | D:6      | Reached skill level 9 in Axes
  4733 | D:6      | Reached XP level 8. HP: 48/71 MP: 11/11
  5109 | D:6      | Reached skill level 5 in Invocations
  5119 | D:6      | Paralysed by a centaur for 5 turns
  5486 | D:6      | Found Olliwn's Weapon Boutique.
  5889 | D:6      | Found a radiant altar of Vehumet.
  5929 | D:7      | Reached skill level 10 in Axes
  6092 | D:7      | Noticed a two-headed ogre
  6097 | D:7      | Killed a two-headed ogre
  6097 | D:7      | Reached XP level 9. HP: 81/81 MP: 12/14
  6102 | D:7      | Reached skill level 11 in Axes
  6106 | D:7      | Reached * piety under Makhleb
  6809 | D:7      | Found a shadowy altar of Dithmenos.
  7072 | D:8      | Noticed Gastronok
  7165 | D:8      | Found Isiot's Gadget Shoppe.
  7170 | D:8      | Found Ceiskyhol's Assorted Antiques.
  7466 | D:8      | Bought a scroll labeled VAMOUS GOIHY for 32 gold pieces
  7466 | D:8      | Bought 2 bubbling golden potions for 57 gold pieces
  7538 | D:8      | Reached skill level 12 in Axes
  7631 | D:8      | Noticed a troll
  7645 | D:8      | Slain by a troll

Levels and vault maps discovered:
D:1:      nzn_arrival_settlement, layout_loops_ring, minmay_tripent
D:2:      cheibrodos_greedy_goblins, layout_basic,
          gammafunk_temple_overflow_elements
D:3:      layout_rooms, makhleb_blood_cavern_becter, first_ration
D:4:      layout_loops_ring, nicolae_tso_swordbearing_angel,
          minmay_temple_entry_waves, minmay_misc_feat_four_crosses,
          kennysheep_generic_room_4
D:5:      layout_basic, sigmund_edmund_badplayer, uniq_crazy_yiuf_cottage
D:6:      layout_rooms, kennysheep_little_box, serial_shops, shop
D:7:      layout_basic, nicolae_overflow_hidden_temple
D:8:      layout_loops_cross, serial_shops, shop, nicolae_shop_window_shopping,
          shop, shop, nicolae_shop_statue_plus, uniq_gastronok,
          uniq_prince_ribbit1, uniq_erica, uniq_maurice

Skill      XL: |  1  2  3  4  5  6  7  8  9 |
---------------+----------------------------+-----
Axes           | 3 4 5 6 8 9 10 12 | 12.0
Fighting       | 4 5 6 7 8 |  8.6
Invocations    | 2 4 7 9 |  9.6
Armour         | |  3.2
Shields        | |  3.2

Action                   |  1- 3 |  4- 6 |  7- 9 || total
-------------------------+-------+-------+-------++-------
Melee: War axe           |   124 |   191 |   360 ||   675
Evoke: Wand              |       |     1 |     5 ||     6
  Use: Potion            |       |     1 |     4 ||     5
       Scroll            |       |    13 |     5 ||    18
  Eat: Chunk             |       |     5 |     8 ||    13
       Ration            |       |     1 |     4 ||     5
Armor: Scale mail        |    63 |    57 |   131 ||   251
       Skin              |       |       |     4 ||     4
Dodge: Dodged            |    53 |    57 |   130 ||   240
Block: Kite shield       |    83 |    97 |   150 ||   330

Table legend:
 A = Non-vault XP
 B = Vault XP
 C = Vault XP percentage of total XP
 D = Non-vault monster count
 E = Vault monster count
 F = Vault count percentage of total count
                 A         B        C        D         E       F
            +---------+---------+-------+---------+---------+-------
      Total |    3977 |     492 |  11.0 |     133 |      16 |  10.7
            +---------+---------+-------+---------+---------+-------
        D:1 |      33 |       2 |   5.7 |      19 |       2 |   9.5
        D:2 |      77 |      16 |  17.2 |      24 |       9 |  27.3
        D:3 |     121 |      42 |  25.8 |      21 |       1 |   4.5
        D:4 |      61 |       3 |   4.7 |       6 |       1 |  14.3
        D:5 |     246 |     429 |  63.6 |      11 |       3 |  21.4
        D:6 |     688 |       0 |   0.0 |      14 |       0 |   0.0
        D:7 |    2331 |       0 |   0.0 |      28 |       0 |   0.0
        D:8 |     420 |       0 |   0.0 |      10 |       0 |   0.0
            +---------+---------+-------+---------+---------+-------
